 Dungeon Crawl Stone Soup version 0.31-a0-1338-gb567cfdca4 (webtiles) character file.

Game seed: 8028593875373010729

130 jasper the Grave Robber (level 4, -4/33 HPs)
             Began as a Mummy Necromancer on Dec 22, 2023.
             Killed from afar by an orc wizard (6 damage)
             ... with a magic dart
             ... on level 3 of the Dungeon.
             The game lasted 00:04:45 (3779 turns).

jasper the Grave Robber (Mummy Necromancer)         Turns: 3779, Time: 00:04:46

Health: -4/33      AC:  4    Str: 11    XL:     4   Next: 89%
Magic:  1/8        EV: 12    Int: 16    God:
Gold:   128        SH:  0    Dex: 12    Spells: 1/9 levels left

rFire   x . .        o - +1 whip (drain)
rCold   + . .        (no shield)
rNeg    + + +        i - +0 leather armour
rPois   ∞            (no helmet)
rElec   .            n - +0 cloak
rCorr   .            (no gloves)
SInv    .            (no boots)
Will    .....        (no amulet)
Stlth   +            (no ring)
HPRegen 0.25/turn    (no ring)
MPRegen 0.11/turn

%: faith
@: animating dead
A: cold resistance 1, negative energy resistance 3, torment resistance 2, heat
vulnerability 1, in touch with death 1, no potions, faith
a: no special abilities


You were on level 3 of the Dungeon.
You visited 1 branch of the dungeon, and saw 4 of its levels.

You collected 128 gold pieces.

Inventory:

Hand Weapons
 d - a +0 club
 g - a +0 dagger
 m - a +0 spear
 o - a +1 whip of draining (weapon)
Missiles
 h - 21 stones
 p - 3 boomerangs
Armour
 a - a +0 robe
 i - a +0 leather armour (worn)
 n - a +0 cloak (worn)
 q - a +0 ring mail
Wands
 l - a wand of digging (6)
Scrolls
 b - a scroll of teleportation {unknown}
 c - a scroll of immolation {unknown}
 e - a scroll of vulnerability {unknown}
 f - a scroll of noise {unknown}
 j - 2 scrolls of enchant weapon {unknown}
 k - 2 scrolls of identify {unknown}


   Skills:
 + Level 1.9 Fighting
 + Level 2.4 Dodging
 - Level 1.5 Stealth
 - Level 3.0 Spellcasting
 * Level 5.2 Necromancy


You had one spell level left.
You knew the following spells:

 Your Spells              Type           Power      Damage    Failure   Level
a - Necrotise             Necr           100%       1d9       3%          1
b - Vampiric Draining     Necr           28%        2d8       9%          3
c - Animate Dead          Necr           28%        N/A       28%         4

Your spell library contained the following spells:

 Spells                   Type           Power      Damage    Failure   Level
 Summon Small Mammal      Summ           8%         N/A       24%         1
 Call Canine Familiar     Summ           2%         N/A       58%         3
 Summon Guardian Golem    Hex/Summ       2%         N/A       58%         3
 Agony                    Necr           28%        N/A       63%         5
 Manifold Assault         Tloc           2%         N/A       94%         4
 Dispersal                Tloc           1%         N/A       100%        6
 Disjunction              Tloc           1%         N/A       100%        8


Dungeon Overview and Level Annotations

Branches:
Dungeon (4/15)             Temple (0/1) D:4

Altars:
Ru

Annotations:
D:4 Grinder, Menkaure


Innate Abilities, Weirdness & Mutations

You are immune to poison.
Your flesh is cold resistant. (rC+)
You are immune to negative energy. (rN+++)
You are immune to unholy pain and torment.
You are vulnerable to heat. (rF-)
You are in touch with the powers of death.
You do not drink.
You have a special connection with the divine. (Faith)


Message History

The water moccasin is severely wounded.
The water moccasin barely misses you. The kobold hits you with a +0 whip.
The hobgoblin hits you. The orc hits you with a +0 club.
The water moccasin bites you but does no damage.
You take 4 damage, and have 22/33 hp.
You barely miss the water moccasin.
The water moccasin is severely wounded.
The kobold hits you with a +0 whip.
The hobgoblin hits you but does no damage.
The orc hits you with a +0 dagger of venom.
The orc barely misses you. The water moccasin barely misses you.
The hobgoblin misses you. The orc hits you but does no damage.
The kobold hits you but does no damage.
You take 5 damage, and have 17/33 hp.
You hit the water moccasin.
The water moccasin is severely wounded.
The water moccasin closely misses you. The water moccasin barely misses you.
The hobgoblin hits you but does no damage.
The kobold hits you with a +0 whip.
The orc wizard gestures at you while chanting.
The puff of flame hits you. The fire burns you terribly!
The orc hits you with a +0 club.
You take 7 damage, and have 10/33 hp.
MASSIVE DAMAGE!!
Okay, then.
The water moccasin bites you.
* * * LOW HITPOINT WARNING * * *
The orc wizard closely misses you. The kobold hits you with a +0 whip.
* * * LOW HITPOINT WARNING * * *
The hobgoblin hits you but does no damage.
The orc hits you with a +0 club.
* * * LOW HITPOINT WARNING * * *
You climb upwards.
There is a stone staircase leading down here.
You take 6 damage, and have 4/33 hp.
The water moccasin completely misses you.
The water moccasin bites you.
* * * LOW HITPOINT WARNING * * *
The orc wizard gestures at you while chanting.
The magic dart hits you.
You die...

#...###.#...###....#)............
'...'...#...# #.##...............
#...#####...# #....#.............
#...# #...######.#'###########'
#...# #...............).....##.
....# #..########...........##.
....#####..#...goo............##.
...............K>S...#+#########.
...........#+###@###.........# #.
###..#####........##......[..# #.
..................##.........###.
#.####.####.......####+#......Z..
#.# #...###.........#.#.########
#.# ###.#######...#.#.#.# #..
#.######..### ###.....#.# #.#
.....)......### ###...#.######.#
#.########.ZZ.# #.#.......##.#


You could see a water moccasin (very drained), an orc wizard, an orc, a
hobgoblin and a kobold.

Vanquished Creatures
  2 gnolls (D:3)
  2 adders
  3 dart slugs
  5 orcs (D:3)
  9 ball pythons
  4 bats
  5 endoplasms
  5 giant cockroaches
  6 goblins
  8 hobgoblins
  A quokka (D:1)
  3 frilled lizards
  5 kobolds
  5 rats
63 creatures vanquished.

Vanquished Creatures (collateral kills)
  A gnoll (D:3)
  2 ball pythons
  An endoplasm (D:1)
4 creatures vanquished.

Grand Total: 67 creatures vanquished

Notes
Turn   | Place    | Note
-------+----------+-------------------------------------------
     0 | D:1      | jasper the Mummy Necromancer began the quest for the Orb.
     0 | D:1      | Reached XP level 1. HP: 13/13 MP: 4/4
   113 | D:1      | Reached XP level 2. HP: 20/20 MP: 1/5
   782 | D:1      | Reached skill level 1 in Fighting
   886 | D:1      | Reached XP level 3. HP: 25/26 MP: 2/7
   893 | D:1      | Learned a level 3 spell: Vampiric Draining
  1188 | D:1      | Found a faded altar of an unknown god.
  2497 | D:3      | Reached XP level 4. HP: 32/32 MP: 6/8
  2868 | D:3      | Found a sacrificial altar of Ru.
  2916 | D:3      | Reached skill level 5 in Necromancy
  3036 | D:3      | Learned a level 4 spell: Animate Dead
  3666 | D:4      | Noticed Menkaure
  3666 | D:4      | Found a staircase to the Ecumenical Temple.
  3716 | D:4      | Noticed Grinder
  3718 | D:4      | Paralysed by Grinder for 5 turns
  3764 | D:4      | Noticed a water moccasin
  3779 | D:3      | Killed from afar by an orc wizard

Illustrated notes

Levels and vault maps discovered:
D:1:      shiori_arrival_oz, layout_basic,
          shapermc_ecumenical_altar_mp_vishouse, minmay_misc_feat_enclosed
D:2:      layout_basic
D:3:      layout_basic, nicolae_ru_sacrificial_ziggurat
D:4:      layout_cave_pools, minmay_temple_entry_statues_fountains,
          kennysheep_windowed_goal, uniq_blork_the_orc, uniq_grinder,
          uniq_edmund, uniq_menkaure

Skill      XL: |  1  2  3  4 |
---------------+-------------+-----
Spellcasting   | 3 |  3.0
Fighting       | 1 |  1.9
Dodging        | 2 |  2.4
Necromancy     | 5 |  5.2
Stealth        | |  1.5

Action                     |  1- 3 |  4- 6 || total
---------------------------+-------+-------++-------
  Melee: Whip              |       |    32 ||    32
         Punch             |       |     1 ||     1
   Cast: Necrotise         |    74 |    23 ||    97
         Animate Dead      |       |     2 ||     2
         Vampiric Draining |       |     2 ||     2
 Armour: Leather armour    |     7 |    43 ||    50
  Dodge: Dodged            |     7 |    39 ||    46

Table legend: (Time is in decaauts)
 A = Elapsed time spent in this place.
 B = Non-inter-level travel time spent in this place.
 C = Inter-level travel time spent in this place.
 D = Time resting spent in this place.
 E = Time spent auto-exploring this place.
 F = Levels seen in this place.
 G = Mean time per level.
                   A        B        C        D        E       F      G
               +--------+--------+--------+--------+--------+-----+--------+
         Total |   3781 |   3617 |    164 |     72 |   3108 |   4 |  945.2 |
       Dungeon |   3781 |   3617 |    164 |     72 |   3108 |   4 |  945.2 |
               +--------+--------+--------+--------+--------+-----+--------+

Top non-repeatable levels by time:
     D:3: 1436 daAuts
     D:1: 1221 daAuts
     D:2: 1063 daAuts
     D:4: 60 daAuts
